 Dungeon Crawl Stone Soup version 0.23-a0-143-g1adec7bb76 (webtiles) character file.

49 Napalmbreeze the Chopper (level 3, 0/31 HPs)
             Began as a Minotaur Gladiator on Sept 4, 2018.
             Slain by an orc wizard
             ... wielding a +0 dagger
              (4 damage)
             ... on level 2 of the Dungeon.
             The game lasted 00:02:09 (840 turns).

Napalmbreeze the Chopper (Minotaur Gladiator)        Turns: 840, Time: 00:02:10

Health: 0/31       AC:  3    Str: 18    XL:     3   Next: 51%
Magic:  2/2        EV: 13    Int:  5    God:
Gold:   95         SH:  0    Dex: 12    Spells: 2/2 levels left

rFire    . . .     SeeInvis .   a - +1 war axe
rCold    . . .     Gourm    .   (no shield)
rNeg     . . .     Faith    .   b - +0 leather armour
rPois    .         Spirit   .   c - +0 hat
rElec    .         Reflect  .   (no cloak)
rCorr    .         Harm     .   (no gloves)
MR       .....                  (no boots)
Stlth    +.........             l - amulet of inaccuracy (curse)
HPRegen  0.10/turn              (no ring)
MPRegen  0.08/turn              (no ring)

@: confused
A: retaliatory headbutt, horns 2
a: no special abilities


You were on level 2 of the Dungeon.
You were not hungry.

You visited 1 branch of the dungeon, and saw 2 of its levels.

You collected 95 gold pieces.

Inventory:

Hand Weapons
 a - a +1 war axe (weapon)
Missiles
 d - 3 throwing nets (quivered)
Armour
 b - a +0 leather armour (worn)
 c - a +0 hat (worn)
 o - a +2 buckler of poison resistance
Jewellery
 l - a cursed amulet of inaccuracy (around neck)
Scrolls
 g - a scroll of identify
 i - a scroll of enchant armour
Potions
 e - a potion of agility {unknown}
 h - a potion of ambrosia {unknown}
 k - 2 potions of degeneration {unknown}
 m - a potion of berserk rage {unknown}
 n - a potion of curing {unknown}
 p - a potion of lignification {unknown}
Comestibles
 f - 5 rations
 j - 5 chunks of flesh


   Skills:
 + Level 3.0 Fighting
 * Level 4.4 Axes
 - Level 2.0 Throwing
 + Level 1.5 Armour
 + Level 3.7 Dodging


You had 2 spell levels left.
You didn't know any spells.
Your spell library was empty.

Dungeon Overview and Level Annotations

Branches:
Dungeon (2/15)

Altars:


Innate Abilities, Weirdness & Mutations

You reflexively headbutt those who attack you in melee.
You have a pair of horns on your head.


Message History

You barely miss something.
You hear some strange, mumbled words.
You are confused.
You completely miss something. Your headbutt misses something.
Something hits you.
You hear some strange, mumbled words.
A puff of flame appears from out of thin air!
The puff of flame hits you!
* * * LOW HITPOINT WARNING * * *
You bump into the rock wall.
You hear some strange, mumbled words.
You are more confused.
A magic dart appears from out of thin air!
The magic dart hits you!
* * * LOW HITPOINT WARNING * * *
Something hits you.
* * * LOW HITPOINT WARNING * * *
The orc hits you but does no damage.
You're too confused to move!
Something hits you.
You die...

......<............##.#
....#.......#....##.#
#......#..##....##.#
#..?......##....##.#
#..o.#w...#....##.#
#..#o#.##......##.####
#..#.#................
#..##g.o.#...##).......
.....#.@.#..#.###.......
#.....g.#.#.##...#.......
....##.......####..)......
.##. ###...### ##........
#. #...# #.#######
####.####...####
...#.....#
..(..............#.##.⌠.##
............#####.#....(#
#......>.........###)###


You could see a worm, 2 gnolls and 3 orcs.

Vanquished Creatures
  2 worms (D:2)
  A leopard gecko (D:1)
  An orc (D:2)
  3 bats (D:1)
  3 giant cockroaches (D:2)
  2 goblins
  4 hobgoblins
  6 jackals
  A quokka (D:2)
  2 frilled lizards (D:1)
  5 kobolds
  8 rats
38 creatures vanquished.

Notes
Turn   | Place    | Note
-------+----------+-------------------------------------------
     0 | D:1      | Napalmbreeze the Minotaur Gladiator began the quest for the
                  | Orb.
     0 | D:1      | Reached XP level 1. HP: 18/18 MP: 0/0
   327 | D:1      | Reached XP level 2. HP: 25/25 MP: 1/1
   328 | D:1      | Reached skill level 4 in Axes
   374 | D:1      | Reached skill level 1 in Armour
   726 | D:2      | Reached XP level 3. HP: 28/30 MP: 2/2
   840 | D:2      | Slain by an orc wizard

Vault maps used:
D:1:      tarquinn_simple_flora_water_b
D:2:      first_ration, minmay_split_cup_large

Skill      XL: |  1  2  3 |
---------------+----------+-----
Axes           | 4 |  4.4
Armour         | 1 |  1.5
Fighting       | 3 |  3.0
Throwing       | |  2.0
Dodging        | |  3.7

Action                   || total
-------------------------++-------
Melee: War axe           ||    76
       Headbutt          ||    13
  Use: Scroll            ||     4
Armor: Leather armour    ||    19
Dodge: Dodged            ||    71

Table legend:
 A = Non-vault XP
 B = Vault XP
 C = Vault XP percentage of total XP
 D = Non-vault monster count
 E = Vault monster count
 F = Vault count percentage of total count
                 A         B        C        D         E       F
            +---------+---------+-------+---------+---------+-------
      Total |      61 |       9 |  12.9 |      34 |       4 |  10.5
            +---------+---------+-------+---------+---------+-------
        D:1 |      32 |       0 |   0.0 |      19 |       0 |   0.0
        D:2 |      29 |       9 |  23.7 |      15 |       4 |  21.1
            +---------+---------+-------+---------+---------+-------
